 Dungeon Crawl Stone Soup version 0.18.1-50-g88ac8fd (webtiles) character file.

40785 PPska the Severer (level 14, -7/138 HPs)
             Began as a Hill Orc Fighter on Oct 1, 2016.
             Was a High Priest of Makhleb.
             Mangled by a 15-headed hydra (9 damage)
             ... on level 7 of the Lair of Beasts.
             The game lasted 01:51:32 (14771 turns).

PPska the Severer (Hill Orc Fighter)               Turns: 14771, Time: 01:51:33

Health: -7/138     AC: 22    Str: 24    XL:     14   Next: 12%
Magic:  14/14      EV:  7    Int:  8    God:    Makhleb [*****.]
Gold:   765        SH:  0    Dex: 10    Spells: 2 memorised, 9 levels left

rFire  . . .     SeeInvis .     m - +2 battleaxe (freeze)
rCold  . . .     Gourm    .     v - +0 plate armour
rNeg   + . .     Faith    .     (shield currently unavailable)
rPois  .         Spirit   .     b - +1 helmet
rElec  .         Dismiss  .     (no cloak)
rCorr  .         Reflect  .     S - +0 pair of gloves (curse)
SustAt .         Harm     .     k - +0 pair of boots
MR     +....                    F - amulet of regeneration
Stlth  ..........               I - +2 ring of slaying
                                J - ring of positive energy

@: confused, somewhat resistant to hostile enchantments, extremely unstealthy
A: no striking features
a: Minor Destruction, Lesser Servant of Makhleb, Major Destruction, Greater
Servant of Makhleb, Renounce Religion


You were on level 7 of the Lair of Beasts.
You worshipped Makhleb.
Makhleb was extremely pleased with you.
You were hungry.

You visited 3 branches of the dungeon, and saw 18 of its levels.

You collected 877 gold pieces.
You spent 112 gold pieces at shops.

Inventory:

Hand Weapons
 m - a +2 battleaxe of freezing (weapon)
 C - a +3 great mace of holy wrath
Armour
 b - a +1 helmet (worn)
 k - a +0 pair of boots (worn)
 v - a +0 plate armour (worn)
 S - a cursed +0 pair of gloves (worn)
Jewellery
 F - an amulet of regeneration (around neck)
 I - a +2 ring of slaying (right hand)
 J - a ring of positive energy (left hand)
Wands
 l - a wand of polymorph (0/24)
 o - a wand of slowing (0/48)
 s - a wand of lightning (6/15)
 y - a wand of heal wounds (5/9)
 D - a wand of confusion (14/48)
 N - a wand of heal wounds (6/9)
 O - a wand of teleportation (7/9)
 P - a wand of confusion (12/48)
 Q - a wand of lightning (8/15)
Scrolls
 d - 2 scrolls of torment {unknown}
 i - 7 scrolls of remove curse
 j - a scroll of summoning {unknown}
 p - 4 scrolls of recharging
 q - a scroll of teleportation
 u - 5 scrolls of enchant armour
 x - 3 scrolls of fog
 K - 3 scrolls of identify
Potions
 c - a potion of agility {unknown}
 e - 2 potions of haste
 g - 12 potions of curing
 h - 4 potions of flight
 n - a potion of heal wounds
 t - a potion of might
 w - 3 potions of cure mutation
 A - a potion of ambrosia
 H - a potion of brilliance
 L - 2 potions of lignification {unknown}
 M - a potion of resistance {unknown}
Books
 R - a book of Beasts

   Spells                             Type                      Level
   a - Summon Butterflies             Summoning                    1
   b - Call Canine Familiar           Summoning                    3
   c - Summon Ice Beast               Ice/Summoning                4
   d - Summon Mana Viper              Hexes/Summoning              5
   e - Summon Hydra                   Summoning                    7
Comestibles
 f - 11 bread rations
 r - a slice of pizza
 B - 6 beef jerkies
 E - 8 fruits
 G - 6 meat rations


   Skills:
 + Level 16.3 Fighting
 + Level 17.4 Axes
 - Level 14.4 Armour
   Level 3.2 Shields


You had 9 spell levels left.
You knew the following spells:

 Your Spells              Type           Power        Failure   Level  Hunger
a - Blink                 Tloc           N/A          100%        2    ###....
b - Repel Missiles        Chrm/Air       #.....       100%        2    ###....


Dungeon Overview and Level Annotations

Branches:
Dungeon (10/15)            Temple (1/1) D:5            Lair (7/8) D:8
 Shoals (0/4) Lair:6       Spider (0/4) Lair:6        Slime (0/6) Lair:6
    Orc: D:9-12

Altars:
Ashenzari
Cheibriados
Dithmenos
Elyvilon
Fedhas
Gozag
Kikubaaqudgha
Makhleb
Nemelex Xobeh
Okawaru
Pakellas
Qazlal
Ru
Sif Muna
Trog
Vehumet
Xom
Yredelemnul
Zin
The Shining One

Shops:
D:3 *   D:4 !

Annotations:
D:7 Joseph
D:9 tatulmax's ghost, journeyman MiBe
D:10 cryogenic666's ghost, journeyman MiBe
Lair:4 exclusion: oklob plant


Message History

The 15-headed hydra barely misses you. The 15-headed hydra closely misses you.
The 15-headed hydra barely misses you. The 15-headed hydra bites you!
* * * LOW HITPOINT WARNING * * *
The 15-headed hydra barely misses you.
The 15-headed hydra bites you but does no damage.
You are confused.
You feel invigorated. The river rat bites you.
* * * LOW HITPOINT WARNING * * *
Something bites the plant.
The 15-headed hydra bites you but does no damage.
The 15-headed hydra bites you.
* * * LOW HITPOINT WARNING * * *
The 15-headed hydra bites you but does no damage.
The 15-headed hydra bites you.
* * * LOW HITPOINT WARNING * * *
The 15-headed hydra bites you but does no damage.
The 15-headed hydra bites you!
* * * LOW HITPOINT WARNING * * *
The 15-headed hydra bites you!
You die...

##...PP.#.
#.rPP.P..
##.....P.%
##......#.#
#..r..### #
##...##
##.r.#
#..r##
###@###
#D..#
#...##
#.....#
##...##
#...# ##..#
#..P ....


You could see a 15-headed hydra and 4 river rats.

Vanquished Creatures
  Maud (Lair:4)
  Nessos (Lair:6)
  Snorg (Lair:4)
  5 hydras
  A catoblepas (Lair:5)
  14 death yaks
  Urug (Lair:4)
  Pikel (D:7)
  A deep elf mage (D:8)
  A griffon (Lair:6)
  A manticore (D:9)
  3 black mambas
  A siren (Lair:6)
  9 elephants
  7 spiny frogs
  7 komodo dragons
  11 blink frogs
  Sigmund (D:5)
  A spriggan (D:7)
  23 yaks
  2 wyverns
  A basilisk (Lair:5)
  11 hippogriffs
  Grum (D:8)
  Menkaure (D:7)
  A hell hound (Lair:7)
  10 water moccasins
  18 porcupines
  2 orc warriors
  A sky beast (D:6)
  4 slaves (D:7)
  5 ice beasts
  A phantom (D:9)
  A centaur (D:6)
  3 ogres
  4 wolves (D:8)
  6 crocodiles
  5 giant frogs
  A wyvern skeleton (D:7)
  A scorpion (D:5)
  6 crimson imps
  A wasp zombie (D:7)
  A centaur zombie (D:8)
  6 hounds
  A jelly (D:6)
  3 centaur skeletons
  A giant frog skeleton (D:10)
  2 orc priests
  10 iguanas
  5 orc wizards
  7 worker ants
  7 sheep (Lair:1)
  Robin (D:4)
  A howler monkey skeleton (D:7)
  10 adders
  27 river rats
  An ooze (D:1)
  An adder skeleton (D:6)
  5 worms
  2 giant geckos
  32 orcs
  6 ball pythons
  10 bats
  7 giant cockroaches
  13 hobgoblins
  9 jackals
  6 quokkas
  A giant cockroach zombie (D:5)
  A giant gecko skeleton (D:7)
  3 giant newts
  18 goblins
  10 kobolds
  2 rats
  6 fungi
  13 plants
405 creatures vanquished.

Vanquished Creatures (collateral kills)
  3 river rats (Lair:3)
3 creatures vanquished.

Vanquished Creatures (others)
  A bush (Lair:6)
  A fungus (Lair:6)
  11 plants
13 creatures vanquished.

Grand Total: 421 creatures vanquished

Notes
Turn   | Place    | Note
--------------------------------------------------------------
     0 | D:1      | PPska the Hill Orc Fighter began the quest for the Orb.
     0 | D:1      | Reached XP level 1. HP: 19/19 MP: 1/1
    51 | D:1      | Reached skill level 3 in Axes
   154 | D:1      | Reached XP level 2. HP: 25/27 MP: 2/2
   452 | D:1      | Reached XP level 3. HP: 30/33 MP: 3/3
   533 | D:1      | Reached skill level 4 in Axes
   765 | D:2      | Found an iron altar of Okawaru.
   852 | D:2      | Reached XP level 4. HP: 33/41 MP: 4/4
  1163 | D:2      | Reached skill level 5 in Fighting
  1175 | D:2      | Reached skill level 5 in Axes
  1317 | D:3      | Reached XP level 5. HP: 38/48 MP: 5/5
  1323 | D:3      | Found a glowing golden altar of the Shining One.
  1327 | D:3      | Found a bloodstained altar of Trog.
  1327 | D:3      | Found a shadowy altar of Dithmenos.
  1331 | D:3      | Found an iron altar of Okawaru.
  1332 | D:3      | Found an ancient bone altar of Kikubaaqudgha.
  1479 | D:3      | Found Zin's Purification Station.
  1480 | D:3      | Found a glowing silver altar of Zin.
  1757 | D:4      | Noticed Robin
  1768 | D:4      | Killed Robin
  1899 | D:4      | Found Ositokuf's Distillery.
  1909 | D:4      | Reached skill level 6 in Axes
  1909 | D:4      | Reached XP level 6. HP: 57/57 MP: 6/6
  1912 | D:4      | Bought a potion of heal wounds for 70 gold pieces
  1912 | D:4      | Bought a potion of curing for 42 gold pieces
  2534 | D:5      | Entered Level 5 of the Dungeon
  2559 | D:5      | Found a staircase to the Ecumenical Temple.
  2569 | Temple   | Entered the Ecumenical Temple
  2681 | Temple   | Became a worshipper of Makhleb the Destroyer
  2726 | D:5      | Reached XP level 7. HP: 59/64 MP: 7/7
  2795 | D:5      | Noticed Sigmund
  2803 | D:5      | Killed Sigmund
  2803 | D:5      | Reached skill level 7 in Axes
  2918 | D:5      | Reached skill level 5 in Armour
  3286 | D:5      | Reached XP level 8. HP: 73/73 MP: 8/8
  3415 | D:5      | Reached skill level 8 in Axes
  3619 | D:5      | Reached * piety under Makhleb
  4355 | D:6      | Found a snail-covered altar of Cheibriados.
  4834 | D:6      | Reached skill level 9 in Axes
  5018 | D:7      | Noticed Menkaure
  5026 | D:7      | Killed Menkaure
  5058 | D:6      | Reached XP level 9. HP: 43/82 MP: 9/9
  5203 | D:7      | Noticed Pikel
  5493 | D:7      | Killed Pikel
  5493 | D:7      | Reached skill level 10 in Axes
  5665 | D:7      | Found a stormy altar of Qazlal.
  5787 | D:7      | Reached ** piety under Makhleb
  5863 | D:7      | Noticed Joseph
  6094 | D:8      | Reached skill level 10 in Fighting
  6217 | D:8      | Noticed a deep elf mage
  6224 | D:8      | Killed a deep elf mage
  6273 | D:8      | Reached skill level 11 in Axes
  6273 | D:8      | Reached XP level 10. HP: 73/94 MP: 10/10
  6362 | D:8      | Found a staircase to the Lair.
  6500 | D:8      | Noticed Grum
  6517 | D:8      | Killed Grum
  6626 | D:8      | Found a sparkling altar of Nemelex Xobeh.
  6627 | D:8      | Found an opulent altar of Gozag.
  6872 | Lair:1   | Entered Level 1 of the Lair of Beasts
  7257 | D:9      | Reached *** piety under Makhleb
  7283 | D:9      | Reached skill level 12 in Axes
  7516 | D:9      | Noticed tatulmax's ghost (journeyman MiBe)
  7652 | D:10     | Entered Level 10 of the Dungeon
  7652 | D:10     | Noticed a hill giant
  7666 | D:9      | Noticed a manticore
  7678 | D:9      | Killed a manticore
  7693 | D:8      | Found a sacrificial altar of Ru.
  7693 | D:8      | Found a radiant altar of Vehumet.
  7794 | D:8      | Got a steaming dagger
  7881 | D:10     | Reached skill level 10 in Armour
  7951 | D:10     | Noticed cryogenic666's ghost (journeyman MiBe)
  8301 | Lair:1   | Reached XP level 11. HP: 101/104 MP: 11/11
  8562 | Lair:1   | Learned a level 2 spell: Blink
  8565 | Lair:1   | Learned a level 2 spell: Repel Missiles
  9498 | Lair:2   | Reached skill level 13 in Axes
  9567 | Lair:2   | Reached **** piety under Makhleb
 10319 | Lair:3   | Found an iron altar of Okawaru.
 10375 | Lair:3   | Noticed an eight-headed hydra
 10405 | Lair:3   | Killed a 15-headed hydra
 10411 | Lair:3   | Reached skill level 14 in Axes
 10797 | Lair:3   | Reached XP level 12. HP: 115/115 MP: 12/12
 11321 | Lair:4   | Noticed a five-headed hydra
 11384 | Lair:4   | Killed a seven-headed hydra
 11418 | Lair:4   | Noticed Snorg
 11430 | Lair:4   | Killed Snorg
 11449 | Lair:4   | Noticed a death yak
 11450 | Lair:4   | Noticed a death yak
 11460 | Lair:4   | Killed a death yak
 11468 | Lair:4   | Killed a death yak
 11468 | Lair:4   | Reached ***** piety under Makhleb
 11566 | Lair:4   | Noticed Urug
 11568 | Lair:4   | Noticed Maud
 11576 | Lair:4   | Killed Urug
 11576 | Lair:4   | Reached skill level 15 in Axes
 11580 | Lair:4   | Killed Maud
 12293 | Lair:5   | Noticed a catoblepas
 12301 | Lair:5   | Killed a catoblepas
 12791 | Lair:6   | Reached XP level 13. HP: 122/125 MP: 13/13
 12966 | Lair:6   | Reached skill level 15 in Fighting
 12980 | Lair:5   | Reached skill level 16 in Axes
 13131 | Lair:6   | Found a staircase to the Slime Pits.
 13175 | Lair:6   | Found a hole to the Spider Nest.
 13336 | Lair:6   | Noticed Nessos
 13602 | Lair:6   | Killed Nessos
 13925 | Lair:6   | Reached skill level 17 in Axes
 14115 | Lair:6   | Found a burning altar of Makhleb.
 14144 | Lair:6   | Reached XP level 14. HP: 119/137 MP: 14/14
 14309 | Lair:6   | Found a staircase to the Shoals.
 14771 | Lair:7   | HP: 2/138 [15-headed hydra (7)]
 14771 | Lair:7   | Mangled by a 15-headed hydra

Skill      XL: |  1  2  3  4  5  6  7  8  9 10 11 12 13 |
---------------+----------------------------------------+-----
Axes           | 3 4 5 6 7 9 11 12 14 15 17 | 17.4
Fighting       | 4 5 6 7 8 10 11 13 14 16 | 16.3
Armour         | 4 5 6 8 10 11 13 14 | 14.4
Shields        | |  3.2

Action                   |  1- 3 |  4- 6 |  7- 9 | 10-12 | 13-15 || total
-------------------------+-------+-------+-------+-------+-------++-------
Melee: War axe           |   132 |   189 |   378 |    85 |       ||   784
       Battleaxe         |       |       |       |   420 |   246 ||   666
Invok: Lesser Servant of |       |       |       |     1 |       ||     1
Evoke: Wand              |       |       |       |     5 |    16 ||    21
  Use: Scroll            |       |     2 |     6 |    12 |     2 ||    22
       Potion            |       |     2 |       |     5 |     4 ||    11
 Stab: Paralysed         |       |       |       |     7 |       ||     7
       Held in net/web   |       |       |       |       |     1 ||     1
  Eat: Chunk             |       |     5 |     9 |    16 |     6 ||    36
       Fruit             |       |       |     4 |     1 |     2 ||     7
       Pizza             |       |       |       |     3 |       ||     3
Armor: Scale mail        |    64 |    66 |       |       |       ||   130
       Plate armour      |       |    60 |   211 |   321 |   261 ||   853
Dodge: Dodged            |    54 |    53 |    50 |   185 |   126 ||   468
Block: Shield            |    96 |    87 |   153 |    35 |       ||   371
